[Event "Titled Tuesday Blitz March 28 Early 2023"]
[White "Perez Rodriguez, Jennifer"]
[Black "Harshavardhan G B"]
[WhiteFideId "3507831"]
[BlackFideId "25059009"]
[WhiteElo "2170"]
[BlackElo "2323"]
[Result "0-1"]
[Round "07"]
[TimeControl "180+2"]
[Date "2023.03.28"]
[WhiteClock "0:00:44"]
[BlackClock "0:00:37"]

1. e4 e5 2. Nf3 Nc6 3. d4 exd4 4. Nxd4 Bc5 5. Be3 Qf6 6. c3 Nge7 7. Bc4 d6 8. O-O Bb6 9. Nc2 O-O 10. Bxb6 axb6 11. Nd2 Be6 12. Ne3 Rfd8 13. Nd5 Bxd5 14. exd5 Ne5 15. Bb3 N7g6 16. Ne4 Qh4 17. f3 f5 18. Ng3 Rf8 19. Qd2 Rae8 20. Rae1 Nf4 21. Bc2 Qg5 22. Kh1 g6 23. Rf2 Nc4 24. Qc1 Rxe1+ 25. Qxe1 Nxb2 26. Bxf5 Nbd3 27. Bxd3 Nxd3 28. Qe6+ Kg7 29. Re2 Qc1+ 0-1


[Site "https://www.chess.com"]

[Event "Titled Tuesday Blitz March 28 Early 2023"]
[White "Delorme, Alban"]
[Black "Bolourchifard, Farzad"]
[WhiteFideId "623636"]
[BlackFideId "12510084"]
[WhiteElo "2196"]
[BlackElo "2317"]
[Result "0-1"]
[Round "07"]
[TimeControl "180+2"]
[Date "2023.03.28"]
[WhiteClock "0:00:02"]
[BlackClock "0:00:14"]

1. e4 e5 2. Nf3 Nc6 3. Bc4 Bc5 4. c3 Nf6 5. d4 exd4 6. b4 Bb6 7. e5 d5 8. exf6 dxc4 9. Qe2+ Be6 10. b5 d3 11. Qe4 Na5 12. fxg7 Rg8 13. Bg5 Qd5 14. Qxh7 Kd7 15. O-O Rae8 16. Nbd2 Kc8 17. Rae1 Qxb5 18. Re5 Qd7 19. Ne4 Nc6 20. Nf6 Nxe5 21. Nxe5 Qb5 22. Nxe8 Qxe8 23. Re1 Ba5 24. Ng4 Bxc3 25. Nf6 Bxf6 26. Bxf6 b6 27. h4 Kb8 28. h5 Qc8 29. h6 Bf5 30. Qxg8 Qxg8 31. f3 Be6 32. Kf2 Qh7 33. Re4 d2 34. Rd4 c3 35. Ke2 Kb7 36. Rd8 Qc2 37. g8=Q d1=Q+ 38. Ke3 Qe1+ 39. Kf4 Qcc1+ 0-1


[Site "https://www.chess.com"]

[Event "Titled Tuesday Blitz March 28 Early 2023"]
[White "Rakhmanov, Aleksandr"]
[Black "Olenik Campa, Rudi"]
[WhiteFideId "4173708"]
[BlackFideId "14633264"]
[WhiteElo "2530"]
[BlackElo "2249"]
[Result "1-0"]
[Round "07"]
[TimeControl "180+2"]
[Date "2023.03.28"]
[WhiteClock "0:00:30"]
[BlackClock "0:00:09"]

1. c4 g6 2. Nc3 g5 3. d4 e6 4. h4 gxh4 5. e4 Bg7 6. e5 c5 7. Ne4 cxd4 8. Nd6+ Kf8 9. Nf3 Nc6 10. Rxh4 Nxe5 11. Nxe5 Qxh4 12. Nexf7 Nf6 13. Bg5 Qh2 14. Qxd4 Ne8 15. Qc5 Nxd6 16. Nxd6 Qe5+ 17. Qxe5 Bxe5 18. O-O-O Bxd6 19. Rxd6 Rg8 20. Bh4 Rg4 21. g3 Ke8 22. Be2 Re4 23. Bd3 Rg4 24. f3 Rg7 25. Be4 Rb8 26. c5 b6 27. c6 dxc6 28. Rd8+ Kf7 29. Bxc6 Kg6 30. Be8+ Kh6 31. g4 Rc7+ 32. Kd2 Rbb7 33. Bf6 Rd7+ 34. Ke3 Rxd8 35. g5# 1-0


[Site "https://www.chess.com"]

[Event "Titled Tuesday Blitz March 28 Early 2023"]
[White "Kilic, Eray"]
[Black "Jia, Haoxiang"]
[WhiteFideId "44517173"]
[BlackFideId "8602999"]
[WhiteElo "2328"]
[BlackElo "2602"]
[Result "1-0"]
[Round "07"]
[TimeControl "180+2"]
[Date "2023.03.28"]
[WhiteClock "0:02:02"]
[BlackClock "0:00:59"]

1. d4 Nf6 2. Nc3 d5 3. Bf4 c6 4. e3 Bf5 5. Bd3 Bxd3 6. cxd3 Nbd7 7. g4 h6 8. f3 e6 9. Nge2 Be7 10. Qd2 Rc8 11. O-O-O c5 12. dxc5 Nxc5 13. d4 Ncd7 14. Kb1 a6 15. h4 Nh7 16. e4 dxe4 17. fxe4 Bxh4 18. e5 Bg5 19. Ne4 Be7 20. g5 Nhf8 21. gxh6 gxh6 22. Bxh6 Ng6 23. Bg7 Rg8 24. Rh7 Qb6 25. N2c3 Qc6 26. d5 exd5 27. Nxd5 Ndxe5 28. Nef6+ Bxf6 29. Nxf6+ Ke7 30. Nxg8+ Rxg8 31. Qg5+ Ke6 32. Qf6# 1-0


[Site "https://www.chess.com"]

[Event "Titled Tuesday Blitz March 28 Early 2023"]
[White "Real_OceanStorm"]
[Black "Rosen, Eric"]
[BlackFideId "2032562"]
[WhiteElo "2788"]
[BlackElo "2331"]
[Result "1-0"]
[Round "07"]
[TimeControl "180+2"]
[Date "2023.03.28"]
[WhiteClock "0:00:02"]
[BlackClock "0:00:02"]

1. e4 c5 2. Nf3 Nc6 3. c3 d5 4. exd5 Qxd5 5. Na3 Nf6 6. Bc4 Qd8 7. d3 e6 8. O-O Be7 9. Bb3 O-O 10. Bf4 b6 11. Nb5 Bb7 12. d4 a6 13. Nc7 Rc8 14. Nxe6 fxe6 15. Bxe6+ Kh8 16. Bxc8 Qxc8 17. Bg5 cxd4 18. cxd4 Nb4 19. a3 Nbd5 20. Rc1 Qf5 21. Re1 Bd6 22. Qc2 Qg4 23. h3 Qh5 24. Qb3 b5 25. Bd2 Nf4 26. Bxf4 Bxf4 27. Rc5 Qg6 28. Nh4 Qf7 29. Qxf7 Rxf7 30. Re6 g6 31. Nf3 Nd7 32. Rc3 a5 33. Rb3 Bd5 34. Re8+ Kg7 35. Rxb5 Nf6 36. Rc8 a4 37. Ne5 Re7 38. Ra5 Bb3 39. Nd3 Bd6 40. Rc6 Rd7 41. Ne5 Bxe5 42. dxe5 Rd1+ 43. Kh2 Ne4 44. Ra7+ Kh6 45. f3 Nf2 46. Rd6 Rb1 47. e6 Kg5 48. Rxh7 Kf4 49. Rd4+ Ke5 50. e7 1-0


[Site "https://www.chess.com"]

[Event "Titled Tuesday Blitz March 28 Early 2023"]
[White "Karthik, Venkataraman"]
[Black "Crevatin, Leo"]
[WhiteFideId "25006479"]
[BlackFideId "1726307"]
[WhiteElo "2419"]
[BlackElo "2190"]
[Result "0-1"]
[Round "07"]
[TimeControl "180+2"]
[Date "2023.03.28"]
[WhiteClock "0:00:18"]
[BlackClock "0:00:06"]

1. Nf3 Nf6 2. g3 b6 3. Bg2 Bb7 4. O-O g6 5. c4 Bg7 6. d4 O-O 7. Qc2 Be4 8. Qb3 Bb7 9. Nc3 e6 10. Qc2 d6 11. e4 Nbd7 12. h3 e5 13. d5 a5 14. Be3 h6 15. a3 Ba6 16. Nd2 Nh5 17. Qd1 Qe8 18. Bf3 Nhf6 19. b4 Nh7 20. Nb5 Bxb5 21. cxb5 axb4 22. axb4 f5 23. Rxa8 Qxa8 24. Nc4 Ndf6 25. Qc2 fxe4 26. Bxe4 Nxe4 27. Qxe4 Qe8 28. Na3 Nf6 29. Qc4 Qd7 30. Kg2 Rf7 31. Nb1 Qf5 32. Nc3 Kh7 33. g4 Qd7 34. Rc1 h5 35. g5 Ng8 36. Ne4 Qf5 37. Ng3 Qf3+ 38. Kg1 Ne7 39. Ne4 Qxh3 40. Nf6+ Bxf6 41. gxf6 Nf5 42. Qe4 Nh4 43. f4 Qg3+ 44. Kf1 Nf5 45. Bf2 Qxf4 46. Qxf4 exf4 47. Rc4 g5 48. Ke2 Kg6 49. Kd3 Kxf6 50. Be1 Kg6 51. Bc3 Re7 52. Bd2 h4 53. Rc1 h3 54. Rh1 Rh7 55. Rh2 Ng3 56. Be1 Kf5 57. Bf2 Kg4 58. Kd4 Nf5+ 59. Ke4 Re7+ 60. Kd3 Nh4 61. Rh1 Nf3 62. Rf1 Kf5 63. Rh1 g4 64. Ra1 g3 65. Bd4 Nxd4 66. Kxd4 h2 0-1


[Site "https://www.chess.com"]

[Event "Titled Tuesday Blitz March 28 Early 2023"]
[White "Jain Kashish Manoj"]
[Black "Wagner, Dennis"]
[WhiteFideId "35081098"]
[BlackFideId "24650684"]
[WhiteElo "2191"]
[BlackElo "2470"]
[Result "0-1"]
[Round "07"]
[TimeControl "180+2"]
[Date "2023.03.28"]
[WhiteClock "0:00:05"]
[BlackClock "0:00:39"]

1. e4 c5 2. Nf3 d6 3. d4 cxd4 4. Qxd4 Nf6 5. Bg5 Nc6 6. Bb5 Bd7 7. Bxc6 Bxc6 8. Nc3 e6 9. O-O-O Be7 10. Bxf6 Bxf6 11. Qxd6 Qxd6 12. Rxd6 Bxc3 13. bxc3 Bxe4 14. Ne5 Rc8 15. Rd4 Bc6 16. Rhd1 O-O 17. f3 Be8 18. Kb2 f6 19. Nd3 e5 20. Rb4 b6 21. Nf2 Bf7 22. Ne4 Rfd8 23. Rxd8+ Rxd8 24. Ra4 Rd7 25. c4 Rc7 26. c5 bxc5 27. Ra5 c4 28. Kc3 h5 29. Nd6 Be6 30. Nb5 Rc5 31. a4 h4 32. Rxa7 e4 33. fxe4 Rg5 34. Nc7 Bf7 35. a5 Kh7 36. a6 Rxg2 37. Rb7 Bg6 38. a7 Rxc2+ 39. Kxc2 Bxe4+ 40. Kc3 Bxb7 41. a8=Q Bxa8 42. Nxa8 g5 43. Nb6 g4 44. Nxc4 g3 45. hxg3 h3 0-1


[Site "https://www.chess.com"]

[Event "Titled Tuesday Blitz March 28 Early 2023"]
[White "Csonka, Balazs"]
[Black "Yaniuk, Volodymyr"]
[WhiteFideId "742910"]
[BlackFideId "14133083"]
[WhiteElo "2404"]
[BlackElo "2141"]
[Result "1-0"]
[Round "07"]
[TimeControl "180+2"]
[Date "2023.03.28"]
[WhiteClock "0:00:10"]
[BlackClock "0:01:08"]

1. d4 d5 2. Bf4 h5 3. Nf3 c6 4. e3 Bf5 5. c4 e6 6. Qb3 Qb6 7. Nc3 Bb4 8. Be2 Nd7 9. O-O Ngf6 10. Na4 Qa5 11. a3 Be7 12. Qxb7 O-O 13. Nc3 Rfc8 14. c5 e5 15. Nxe5 Rcb8 16. Nxc6 Qxc3 17. Qxb8+ Nxb8 18. Nxe7+ Kf8 19. bxc3 Kxe7 20. Bf3 Nbd7 21. c4 Be4 22. cxd5 Bxd5 23. Bg5 Ke6 24. Bxf6 Nxf6 25. Rab1 g5 26. Rfc1 g4 27. Bxd5+ Kxd5 28. c6 Rc8 29. c7 Kd6 30. Rb8 Rxc7 31. Rxc7 Kxc7 32. Ra8 Kb6 33. Rf8 Ne4 34. Rxf7 a5 35. Rf5 h4 36. Rf4 Nd2 37. Rxg4 Kb5 38. Rxh4 Kc4 39. Rf4 Kd3 40. d5 Ke2 41. Rd4 Nb3 42. d6 Nc5 43. h4 Nd7 44. h5 Nf6 45. h6 Nh7 46. d7 Nf6 47. d8=Q Ne4 48. Rxe4 Ke1 49. Qd4 Ke2 50. h7 Ke1 51. h8=Q Ke2 52. Qhg7 Ke1 53. f4 Ke2 54. f5 Ke1 55. f6 Ke2 56. f7 Ke1 57. f8=Q Ke2 58. Qgh8 a4 59. g4 Ke1 60. Qxa4 Ke2 61. Qad4 Ke1 62. g5 Ke2 63. g6 Ke1 64. g7 Ke2 65. g8=Q Ke1 66. a4 Ke2 67. a5 Ke1 68. a6 Ke2 69. a7 Ke1 1-0


[Site "https://www.chess.com"]

[Event "Titled Tuesday Blitz March 28 Early 2023"]
[White "Toropov, Pavel"]
[Black "Kosteniuk, Alexandra"]
[WhiteFideId "24129178"]
[BlackFideId "4128125"]
[WhiteElo "2182"]
[BlackElo "2453"]
[Result "1-0"]
[Round "07"]
[TimeControl "180+2"]
[Date "2023.03.28"]
[WhiteClock "0:00:15"]
[BlackClock "0:00:35"]

1. e4 c6 2. d4 d5 3. exd5 cxd5 4. Bd3 Nc6 5. c3 Nf6 6. h3 g6 7. Qc2 Bg7 8. Nf3 O-O 9. O-O h6 10. Re1 Qc7 11. Be3 Nh5 12. Nbd2 Nf4 13. Bxf4 Qxf4 14. Qb3 Qd6 15. Re2 Bf5 16. Bxf5 gxf5 17. Rae1 e6 18. Ne5 Bxe5 19. dxe5 Qc5 20. Qa4 Kh7 21. Nb3 Qb6 22. Rd1 Rg8 23. Kh2 Rg6 24. g3 Rag8 25. Rd3 Qc7 26. Qf4 a5 27. Nd4 Qb6 28. a4 Ne7 29. Nb5 R6g7 30. Qd4 Qxd4 31. cxd4 f4 32. Nd6 Nc6 33. g4 f3 34. Red2 h5 35. Rxf3 hxg4 36. hxg4 Kg6 37. Rf6+ Kg5 38. Nxf7+ Rxf7 39. Rxf7 Kxg4 40. Rd3 Rh8+ 41. Kg2 Rh6 42. Rg3+ 1-0


[Site "https://www.chess.com"]

[Event "Titled Tuesday Blitz March 28 Early 2023"]
[White "Arias, Juan Cruz"]
[Black "Salemgareev, Tagir"]
[WhiteFideId "118540"]
[BlackFideId "24199052"]
[WhiteElo "2243"]
[BlackElo "2366"]
[Result "1/2-1/2"]
[Round "07"]
[TimeControl "180+2"]
[Date "2023.03.28"]
[WhiteClock "0:02:16"]
[BlackClock "0:02:04"]

1. e4 e6 2. d4 d5 3. Nd2 c5 4. exd5 Qxd5 5. dxc5 Bxc5 6. Ngf3 Nf6 7. Bc4 Qd8 8. Qe2 O-O 9. Nb3 Bd6 10. Bg5 Nbd7 11. Rd1 Qc7 12. O-O b6 13. Bd3 Bb7 14. c3 Bf4 15. Bh4 Ba6 16. Bxa6 1/2-1/2


[Site "https://www.chess.com"]

[Event "Titled Tuesday Blitz March 28 Early 2023"]
[White "Cherniaiev, Tykhon"]
[Black "Koellner, Ruben Gideon"]
[WhiteFideId "14182360"]
[BlackFideId "12993093"]
[WhiteElo "2450"]
[BlackElo "2303"]
[Result "1/2-1/2"]
[Round "07"]
[TimeControl "180+2"]
[Date "2023.03.28"]
[WhiteClock "0:00:06"]
[BlackClock "0:00:05"]

1. Nf3 d6 2. d4 Nf6 3. Nbd2 Bf5 4. g3 Ne4 5. Bg2 Nxd2 6. Nxd2 c6 7. O-O Nd7 8. e4 Bg6 9. f4 f6 10. c3 e5 11. Qb3 Qb6 12. Qe6+ Be7 13. Nc4 Qc7 14. Qg4 O-O-O 15. Be3 Kb8 16. Rac1 Rhg8 17. Qe2 Rgf8 18. Rfd1 Bf7 19. a4 d5 20. Nd2 exd4 21. cxd4 dxe4 22. Nxe4 Nb6 23. f5 Nd5 24. Nc5 Bxc5 25. dxc5 Nxe3 26. Qxe3 Rfe8 27. Rxd8+ Qxd8 28. Qf4+ Qc7 29. Kf2 Qxf4+ 30. gxf4 a5 31. Rc3 Bh5 32. Bf3 Bxf3 33. Kxf3 Re1 34. Re3 Rf1+ 35. Kg3 Rg1+ 36. Kf3 Rb1 37. Re7 Rxb2 38. Rxg7 Rxh2 39. Rf7 Rh6 40. Kg4 Ka7 41. Re7 Ka6 42. Re6 Ka7 43. Kg3 Kb8 44. Re8+ Kc7 45. Re7+ Kc8 46. Rf7 Kb8 47. Kg4 Ka7 48. Re7 Rh1 49. Re6 Rg1+ 50. Kf3 Rf1+ 51. Kg4 h5+ 52. Kxh5 Rxf4 53. Rxf6 Rxa4 54. Re6 Rf4 55. f6 Ka6 56. Kg6 Kb5 57. Re7 Kxc5 58. Rxb7 a4 59. f7 a3 60. Rb3 a2 61. Ra3 Kb4 62. Rxa2 c5 63. Rb2+ Kc3 64. Rb6 Rxf7 65. Kxf7 c4 66. Ke6 Kd3 67. Kd5 c3 68. Rh6 c2 69. Rh3+ Kd2 70. Rh2+ Kd1 71. Rh1+ Kd2 72. Rh2+ Kd3 73. Rh1 Kd2 74. Rh2+ 1/2-1/2


[Site "https://www.chess.com"]

[Event "Titled Tuesday Blitz March 28 Early 2023"]
[White "Bitoon, Richard"]
[Black "Krsnik Cohar, Ivan Vihor"]
[WhiteFideId "5201110"]
[BlackFideId "14520044"]
[WhiteElo "2374"]
[BlackElo "2414"]
[Result "1-0"]
[Round "07"]
[TimeControl "180+2"]
[Date "2023.03.28"]
[WhiteClock "0:00:44"]
[BlackClock "0:00:01"]

1. e4 c5 2. c3 g6 3. d4 cxd4 4. cxd4 d5 5. e5 Bg7 6. Nc3 Nc6 7. h3 f6 8. f4 Nh6 9. g4 O-O 10. Bg2 Be6 11. Nf3 fxe5 12. fxe5 Qb6 13. Na4 Qd8 14. O-O Nf7 15. Nc5 Bc8 16. Be3 b6 17. Nb3 Ba6 18. Rf2 Rc8 19. Qd2 e6 20. h4 Qe7 21. h5 gxh5 22. gxh5 Qb4 23. Qd1 Bh6 24. Bd2 Bxd2 25. Nfxd2 Nh6 26. a3 Qe7 27. Nf3 Rf4 28. Qd2 Rcf8 29. Rc1 Bc4 30. Na1 Nxd4 31. b3 Nxf3+ 32. Bxf3 Rxf3 33. Rg2+ Kh8 34. bxc4 Nf5 35. cxd5 Nh4 36. Rg4 Rf2 37. Qh6 1-0


[Site "https://www.chess.com"]

[Event "Titled Tuesday Blitz March 28 Early 2023"]
[White "Melian, Juan Sebastian"]
[Black "Samant Aditya S"]
[WhiteFideId "3706575"]
[BlackFideId "35080580"]
[WhiteElo "2031"]
[BlackElo "2362"]
[Result "0-1"]
[Round "07"]
[TimeControl "180+2"]
[Date "2023.03.28"]
[WhiteClock "0:00:02"]
[BlackClock "0:00:06"]

1. d4 Nf6 2. c4 e6 3. Nc3 Bb4 4. Qc2 d5 5. cxd5 Qxd5 6. Nf3 Qf5 7. Qxf5 exf5 8. Bd2 c6 9. e3 Nbd7 10. Bc4 Nb6 11. Bb3 a5 12. a3 Bd6 13. O-O a4 14. Ba2 Ke7 15. Rfe1 Ne4 16. Nxe4 fxe4 17. Ng5 f5 18. Nf7 Re8 19. Nxd6 Kxd6 20. Bb4+ Kc7 21. Rac1 Be6 22. Bxe6 Rxe6 23. Rc5 Nd5 24. Rec1 Kd7 25. g3 Ree8 26. Kg2 Ra6 27. R1c2 Rb6 28. Bd2 Ra8 29. Ba5 Rb3 30. Bd2 Rd3 31. Kf1 Rb3 32. Ke2 Ra6 33. Kd1 Ra8 34. Ke2 g5 35. Bc3 h5 36. Bd2 Ke6 37. R5c4 Rb6 38. Rc5 h4 39. Ra5 Rxa5 40. Bxa5 Ra6 41. Bd2 Ra8 42. Rc4 Kd7 43. Kf1 b5 44. Rc2 Rg8 45. Rc5 Rh8 46. Kg2 hxg3 47. hxg3 Rg8 48. Kh3 Rg6 49. Kh2 Rf6 50. Kg2 Kd6 51. Bb4 Kd7 52. Bd2 Rh6 53. Kg1 Rh5 54. Kg2 Rh7 55. Kg1 Rf7 56. Kg2 g4 57. Rc1 Rh7 58. Rc5 Rh8 59. Be1 Kd6 60. Bb4 Kd7 61. Bd2 Rc8 62. Rc1 Nb6 63. Rh1 Ke6 64. Bb4 Kd5 65. Bc3 Kc4 66. Rh5 Kb3 67. Rxf5 Nc4 68. Rc5 Nxb2 69. Bxb2 Kxb2 70. d5 Kxa3 71. dxc6 Kb4 72. Re5 Rxc6 73. Rxe4+ Rc4 74. Re8 a3 75. Ra8 Kb3 76. Rb8 b4 77. Ra8 a2 78. Ra7 Kb2 79. e4 Rxe4 0-1


[Site "https://www.chess.com"]

[Event "Titled Tuesday Blitz March 28 Early 2023"]
[White "Cori T., Deysi"]
[Black "Matinian, Nikita"]
[WhiteFideId "3801934"]
[BlackFideId "24129100"]
[WhiteElo "2292"]
[BlackElo "2422"]
[Result "1/2-1/2"]
[Round "07"]
[TimeControl "180+2"]
[Date "2023.03.28"]
[WhiteClock "0:00:15"]
[BlackClock "0:00:11"]

1. d4 Nf6 2. Nf3 g6 3. g3 Bg7 4. Bg2 O-O 5. O-O d6 6. b3 a5 7. Bb2 a4 8. Qc1 Bf5 9. Rd1 Qc8 10. Nc3 axb3 11. axb3 Rxa1 12. Bxa1 Bh3 13. Bh1 Nc6 14. d5 Nd8 15. Nd4 c5 16. dxc6 bxc6 17. Qd2 c5 18. Ndb5 Ne6 19. Nd5 Nxd5 20. Bxg7 Nxg7 21. Bxd5 Bd7 22. c4 Qa6 23. Nc3 Nf5 24. e3 Rb8 25. Qc2 Qa3 26. Rb1 h5 27. h4 Kg7 28. Be4 Be6 29. Ne2 Nh6 30. Nf4 Bf5 31. Bxf5 Nxf5 32. Nxh5+ Kh7 33. Nf4 Qa8 34. Nd5 e6 35. Nf6+ Kg7 36. Qc3 e5 37. Nd5 Rh8 38. e4 Nd4 39. Qe3 Qd8 40. Ra1 Nc2 41. Qc3 Nxa1 42. Qxa1 g5 43. Ne3 gxh4 44. Nf5+ Kg6 45. gxh4 Rxh4 46. Nxh4+ Qxh4 47. Qd1 Qf6 48. Kf1 Qe6 49. Qf3 Qf6 50. Qg4+ Qg5 51. Qd1 Qf6 52. Ke2 Kg7 53. Qg1+ Kf8 54. Qh1 Ke7 55. Qa1 Qf4 56. f3 Qh2+ 57. Ke3 Qc2 58. Qa7+ Ke6 59. Qb8 Qc1+ 60. Ke2 Qc2+ 61. Ke3 Qc3+ 62. Ke2 Qd4 63. Qe8+ Kf6 64. Qh8+ Ke7 65. Qb8 Qb2+ 66. Ke3 Qc1+ 67. Ke2 Qc2+ 68. Ke3 Qd1 69. Qc7+ Ke6 70. Qc8+ Kf6 71. Qd8+ Kg6 72. Qg8+ Kf6 73. Qd8+ Kg7 74. Qg5+ Kh7 75. Qh5+ Kg8 76. Qg5+ Kf8 77. Qd8+ Kg7 78. Qg5+ Kf8 79. Qd8+ Kg7 1/2-1/2


[Site "https://www.chess.com"]

[Event "Titled Tuesday Blitz March 28 Early 2023"]
[White "Lewtak, Damian"]
[Black "Shapiro, Viktor"]
[WhiteFideId "1141724"]
[BlackFideId "4175700"]
[WhiteElo "2302"]
[BlackElo "2152"]
[Result "1-0"]
[Round "07"]
[TimeControl "180+2"]
[Date "2023.03.28"]
[WhiteClock "0:00:20"]
[BlackClock "0:00:12"]

1. e4 c5 2. Nf3 d6 3. Bb5+ Nd7 4. O-O a6 5. Bd3 g6 6. Re1 Bg7 7. c3 Ngf6 8. Bc2 O-O 9. d4 e5 10. Nbd2 cxd4 11. cxd4 b5 12. a4 Bb7 13. d5 Nc5 14. b4 Nxa4 15. Bxa4 bxa4 16. Rxa4 Qd7 17. Ra1 Rfc8 18. Nb3 Qb5 19. Na5 Rc7 20. Bd2 h6 21. Qb3 Rac8 22. Qa4 Ba8 23. h3 Rc2 24. Qb3 Bf8 25. Nc6 Qc4 26. Qxc4 Rxc4 27. Rxa6 Nxe4 28. b5 f5 29. Rea1 Bb7 30. Rb6 Rc7 31. Ra7 Nc5 32. Be3 Bxc6 33. Rxc7 Bxd5 34. Bxc5 dxc5 35. Rb8 Rc1+ 36. Kh2 Be6 37. Nxe5 c4 38. Nxg6 1-0


[Site "https://www.chess.com"]

[Event "Titled Tuesday Blitz March 28 Early 2023"]
[White "Kozak, Antoni"]
[Black "Savitha Shri B"]
[WhiteFideId "21832030"]
[BlackFideId "35061887"]
[WhiteElo "2470"]
[BlackElo "2191"]
[Result "1-0"]
[Round "07"]
[TimeControl "180+2"]
[Date "2023.03.28"]
[WhiteClock "0:00:17"]
[BlackClock "0:00:26"]

1. e4 c5 2. Nc3 Nc6 3. Bb5 Nd4 4. Nf3 Nxb5 5. Nxb5 a6 6. Nc3 d6 7. d4 cxd4 8. Qxd4 e5 9. Qd3 Nf6 10. Bg5 h6 11. Bxf6 Qxf6 12. Nd5 Qd8 13. Qc3 Rb8 14. O-O-O f6 15. Nh4 Bg4 16. f3 Rc8 17. Qb4 Be6 18. Ng6 Rg8 19. Qxb7 Qd7 20. Qxd7+ Bxd7 21. Nb6 Rc6 22. Nxd7 Kxd7 23. Rd5 Be7 24. Nxe7 Kxe7 25. Rhd1 Rgc8 26. c3 g5 27. Kc2 h5 28. R1d3 Rg8 29. h3 g4 30. hxg4 hxg4 31. b3 gxf3 32. gxf3 Rg2+ 33. Rd2 Rg3 34. R5d3 Ke6 35. c4 Rg6 36. a4 f5 37. exf5+ Kxf5 38. Kc3 Kf4 39. a5 Kg3 40. b4 Rh6 41. Kb3 Rh4 42. f4+ Kxf4 43. Rxd6 Rh3+ 44. R2d3 Rxd3+ 45. Rxd3 e4 46. Rd8 e3 47. Rf8+ Kg3 48. Re8 Kf2 49. b5 axb5 50. cxb5 Rc1 51. a6 Rb1+ 52. Kc4 Rc1+ 53. Kb4 Rb1+ 54. Kc5 e2 55. a7 Rc1+ 56. Kb6 Rc8 57. Rxc8 e1=Q 58. a8=Q Qe3+ 59. Rc5 Qe6+ 60. Qc6 1-0


[Site "https://www.chess.com"]

[Event "Titled Tuesday Blitz March 28 Early 2023"]
[White "Bas Mas, Jose Joaquin"]
[Black "Martinez Ramirez, Lennis"]
[WhiteFideId "22219064"]
[BlackFideId "3509079"]
[WhiteElo "2233"]
[BlackElo "2439"]
[Result "1-0"]
[Round "07"]
[TimeControl "180+2"]
[Date "2023.03.28"]
[WhiteClock "0:01:06"]
[BlackClock "0:01:18"]

1. e4 c6 2. d4 d5 3. f3 e6 4. Nc3 Bb4 5. a3 Bxc3+ 6. bxc3 dxe4 7. Nh3 exf3 8. Qxf3 Ne7 9. Bd3 h6 10. Bb2 O-O 11. O-O b6 12. c4 Nd7 13. Qg3 f6 14. Rae1 Re8 15. Nf4 Nf8 16. Nh5 Nf5 17. Bxf5 Qe7 18. d5 e5 19. Bxc8 Rexc8 20. Rxf6 cxd5 21. Bxe5 Rxc4 22. Rxf8+ Rxf8 23. Bxg7 Qg5 24. Bxf8 Kxf8 25. Qd6+ Kg8 26. Re8+ Kf7 27. Qe6# 1-0


[Site "https://www.chess.com"]

[Event "Titled Tuesday Blitz March 28 Early 2023"]
[White "Zheenbekov, Nurgazy"]
[Black "Vlassov, Nikolai"]
[WhiteFideId "13800485"]
[BlackFideId "4103360"]
[WhiteElo "1975"]
[BlackElo "2324"]
[Result "0-1"]
[Round "07"]
[TimeControl "180+2"]
[Date "2023.03.28"]
[WhiteClock "0:01:41"]
[BlackClock "0:00:49"]

1. e4 Nc6 2. Nf3 d5 3. e5 Bg4 4. Bb5 e6 5. O-O Ne7 6. d4 a6 7. Be2 Nf5 8. c3 h5 9. Nbd2 f6 10. exf6 Qxf6 11. h3 Bd6 12. Nb3 Bxf3 13. Bxf3 O-O-O 14. Qd2 Rdg8 15. Qg5 Nh4 16. Be2 e5 17. dxe5 Nxe5 18. f4 Qxg5 19. fxg5 g6 20. Bf4 Re8 21. Rae1 Re7 22. g3 Nhf3+ 23. Bxf3 Nxf3+ 24. Rxf3 Rxe1+ 25. Kg2 Bxf4 26. Rxf4 Re2+ 0-1


[Site "https://www.chess.com"]

[Event "Titled Tuesday Blitz March 28 Early 2023"]
[White "Thecourseoisildur"]
[Black "Perez Gormaz, Matias"]
[BlackFideId "3406342"]
[WhiteElo "2458"]
[BlackElo "2362"]
[Result "0-1"]
[Round "07"]
[TimeControl "180+2"]
[Date "2023.03.28"]
[WhiteClock "0:00:02"]
[BlackClock "0:00:13"]

1. e4 c5 2. Nf3 e6 3. d4 cxd4 4. Nxd4 a6 5. Be2 Nf6 6. Nc3 Qc7 7. O-O d6 8. Be3 b5 9. a3 Bb7 10. Bf3 Nbd7 11. Nb3 Ne5 12. Bd4 Be7 13. Bxe5 dxe5 14. g3 O-O 15. Bg2 Qb6 16. Qe2 Rac8 17. Nc1 Rc7 18. Nd3 Nd7 19. Kh1 a5 20. f4 exf4 21. gxf4 b4 22. axb4 axb4 23. Nd1 Rfc8 24. Ne3 Ba6 25. e5 Nc5 26. f5 b3 27. f6 Bf8 28. fxg7 Bxg7 29. Ng4 bxc2 30. Nf6+ Bxf6 31. exf6 Bxd3 32. Qe3 Qd6 33. b4 Nd7 34. Ra6 Qf8 35. Qxd3 c1=Q 36. Qg3+ Kh8 37. Rxc1 Rxc1+ 38. Bf1 Rxf1+ 39. Kg2 Rxf6 40. Ra7 Rg6 0-1


[Site "https://www.chess.com"]

[Event "Titled Tuesday Blitz March 28 Early 2023"]
[White "Rozman, Levy"]
[Black "Ozdemir, Serhan Berat"]
[WhiteFideId "2039877"]
[BlackFideId "6374611"]
[WhiteElo "2376"]
[BlackElo "2015"]
[Result "1-0"]
[Round "07"]
[TimeControl "180+2"]
[Date "2023.03.28"]
[WhiteClock "0:00:08"]
[BlackClock "0:00:09"]

1. e4 c5 2. Nc3 e6 3. d4 cxd4 4. Qxd4 Nc6 5. Qd3 Nf6 6. Bf4 d6 7. O-O-O e5 8. Bg5 Be7 9. Bxf6 gxf6 10. g3 Be6 11. f4 Rc8 12. Nf3 Qa5 13. a3 Bg4 14. Kb1 a6 15. Be2 b5 16. Nd5 Bxf3 17. Bxf3 Nd4 18. c3 Nxf3 19. Qxf3 Rc6 20. Rhf1 Qa4 21. Rfe1 a5 22. Rc1 h5 23. Ka2 Qc4+ 24. b3 Qc5 25. Re2 a4 26. Rb1 axb3+ 27. Rxb3 Qc4 28. Ne3 Qc5 29. Reb2 Kd7 30. Rxb5 Qxc3 31. Rb7+ Rc7 32. Rxc7+ Qxc7 33. Nd5 Qc4+ 34. Qb3 Rc8 35. Qxc4 Rxc4 36. Rb7+ Kc6 37. Rc7+ Kb5 38. Rxc4 Kxc4 39. Nxe7 Kd4 40. Nf5+ Kxe4 41. Nxd6+ Kf3 42. fxe5 fxe5 43. Nxf7 e4 44. Ng5+ Ke3 45. Nxe4 Kd4 46. Kb3 Kxe4 47. a4 h4 48. gxh4 1-0


[Site "https://www.chess.com"]

[Event "Titled Tuesday Blitz March 28 Early 2023"]
[White "Poormosavi, Seyed Kian"]
[Black "Maxfan2008"]
[WhiteFideId "12585807"]
[WhiteElo "2334"]
[BlackElo "2424"]
[Result "1-0"]
[Round "07"]
[TimeControl "180+2"]
[Date "2023.03.28"]
[WhiteClock "0:02:29"]
[BlackClock "0:02:09"]

1. Nf3 d5 2. g3 Bg4 3. Bg2 Nd7 4. d4 c6 5. O-O Ngf6 6. h3 Bf5 7. c3 e6 8. Nh4 Be4 9. f3 Bg6 10. Nxg6 hxg6 11. e4 dxe4 12. fxe4 e5 13. Be3 Bd6 14. Nd2 exd4 15. cxd4 Bxg3 16. e5 Nxe5 17. dxe5 Bxe5 18. Nc4 Qc7 19. Nxe5 Qxe5 20. Bd4 Qg3 21. Bxf6 gxf6 22. Qe1+ Kf8 23. Qxg3 1-0


[Site "https://www.chess.com"]

[Event "Titled Tuesday Blitz March 28 Early 2023"]
[White "Melaugh, Shane"]
[Black "Al-Tarboush, Ward"]
[WhiteFideId "2509580"]
[BlackFideId "7601450"]
[WhiteElo "2034"]
[BlackElo "2257"]
[Result "1-0"]
[Round "07"]
[TimeControl "180+2"]
[Date "2023.03.28"]
[WhiteClock "0:00:08"]
[BlackClock "0:00:02"]

1. c4 Nf6 2. Nc3 c5 3. g3 Nc6 4. Bg2 e5 5. e4 Nd4 6. Nge2 d6 7. O-O Be7 8. d3 O-O 9. a3 Bg4 10. f3 Bh5 11. h3 Qd7 12. Kh2 a6 13. b4 b5 14. Nxd4 cxd4 15. Nd5 Nxd5 16. cxd5 f5 17. exf5 Bf7 18. g4 Bxd5 19. f4 Bxg2 20. Kxg2 Qc6+ 21. Qf3 Qc2+ 22. Rf2 Qb3 23. fxe5 dxe5 24. Bb2 Rac8 25. Re1 Bd6 26. Ree2 Rc7 27. Qe4 Rcf7 28. Bc1 Qd1 29. Rf1 Qb3 30. Rff2 h6 31. h4 Bb8 32. g5 Qd1 33. Rf1 Qb3 34. gxh6 gxh6 35. Bxh6 Re8 36. f6 Qe6 37. Qg6+ Kh8 38. Bg7+ Kg8 39. Re4 Rc8 40. Rf2 Rc3 41. Qh6 Rxf6 42. Rxf6 Rc2+ 43. Kg3 Qxf6 44. Qxf6 Rc8 45. Bh6 Rc7 46. Rg4+ Kh7 47. Rg7+ Kh8 48. Qf8# 1-0


[Site "https://www.chess.com"]